 Dungeon Crawl Stone Soup version 0.31-a0-920-g28cbb04a8c (webtiles) character file.

Game seed: 16140305248722062102

4 Azuregosa the Sneak (level 1, 0/16 HPs)
             Began as an Octopode Delver on Oct 17, 2023.
             Slain by a worm (11 damage)
             ... on level 5 of the Dungeon.
             The game lasted 00:00:27 (27 turns).

Azuregosa the Sneak (Octopode Delver)                 Turns: 27, Time: 00:00:28

Health: 0/16       AC:  1    Str: 11    XL:     1   Next: 60%
Magic:  1/1        EV: 13    Int: 12    God:
Gold:   10         SH:  0    Dex: 13    Spells: 0/0 levels left

rFire   . . .        a - +0 hand axe
rCold   . . .        (no shield)
rNeg    . . .        (helmet restricted)
rPois   .            (no amulet)
rElec   .            (no ring)
rCorr   .            (no ring)
SInv    .            (no ring)
Will    .....        (no ring)
Stlth   ++++         (no ring)
HPRegen 0.22/turn    (no ring)
MPRegen 0.07/turn    (no ring)
                     (no ring)

%: no passive effects
@: no status effects
A: almost no armour, amphibious, 8 rings, camouflage 1, gelatinous body 1,
(nimble swimmer 1), tentacles
a: no special abilities


You were on level 5 of the Dungeon.
You visited 1 branch of the dungeon, and saw 2 of its levels.

You collected 10 gold pieces.

Inventory:

Hand Weapons
 a - a +0 hand axe (weapon)
Wands
 f - a wand of digging (3)
Scrolls
 b - a scroll of fog
 c - a scroll of revelation
 d - a scroll of fear
Potions
 e - a potion of haste


   Skills:
 - Level 3.0 Fighting
 - Level 2.0 Axes
 - Level 2.0 Dodging
 + Level 6.9 Stealth


You couldn't memorise any spells.
You didn't know any spells.
Your spell library was empty.

Dungeon Overview and Level Annotations

Branches:
Dungeon (6/15)
 Temple: D:4-7

Altars:


Innate Abilities, Weirdness & Mutations

You cannot wear most types of armour.
You are amphibious.
You can wear up to eight rings at the same time.
Your skin changes colour to match your surroundings (Stealth+).
Your rubbery body absorbs attacks. (AC +1, EV +1)
((You are camouflaged when in or above water. (Stealth+)))
You have tentacles for arms and can constrict up to eight enemies at once.


Message History

Found a runed translucent door.
Found 5 stones.
Azuregosa's ghost turns its malevolent gaze towards you.
You open the door.
There is an open translucent door here.
You closely miss the quokka. Your grab misses the quokka.
You hit Azuregosa's ghost. The quokka barely misses you.
Azuregosa's ghost misses you. The quokka closely misses you.
You hit the quokka but do no damage. Your grab misses the quokka.
Your squeeze misses the quokka. You hit Azuregosa's ghost.
Azuregosa's ghost hits you. The quokka completely misses you.
A rat comes into view.
You hit Azuregosa's ghost.
Azuregosa's ghost is severely damaged.
You barely miss the quokka. The quokka closely misses you.
Azuregosa's ghost closely misses you. The quokka bites you.
Azuregosa's ghost closely misses you.
You hit Azuregosa's ghost.
You destroy Azuregosa's ghost!
You miss the quokka.
The quokka splashes around in the water.
You closely miss the quokka. Your grab misses the quokka.
Your squeeze misses the quokka.
The quokka splashes around in the water.
You hit the quokka but do no damage. You grab the quokka.
Your squeeze misses the quokka.
You constrict the quokka, but do no damage.
The quokka bites you. The quokka barely misses you.
You hit the quokka.
The quokka is severely wounded.
You constrict the quokka.
You kill the quokka!
You hit the worm. You grab the worm. You squeeze the worm, but do no damage.
The worm is lightly wounded.
You constrict the worm. You hit the worm.
The worm is lightly wounded.
You constrict the worm. The worm bites you!
Ouch! That really hurt!
You die...

#~~~# #~~~# #~(~#
....... #~~~# .......
#~~~# ....... #~~~#
....... #rw~# .
.......###@###.# ..
.......#.....#.##.S
....................#
.....<...###..........
.#.......###...##.....
....................#.
......................
......................
.#.#..................


You could see a worm and a rat.

Vanquished Creatures
  The ghost of Azuregosa the Sneak, a weakling OpDe of Cheibriados (D:5)
  A quokka (D:5)
2 creatures vanquished.

Notes
Turn   | Place    | Note
-------+----------+-------------------------------------------
     0 | D:5      | Azuregosa the Octopode Delver began the quest for the Orb.
     0 | D:5      | Reached XP level 1. HP: 16/16 MP: 1/1
     4 | D:6      | Noticed an iguana
    12 | D:5      | Found a runed translucent door.
    14 | D:5      | Noticed Azuregosa's ghost (weakling OpDe)
    21 | D:5      | Killed Azuregosa's ghost
    27 | D:5      | Slain by a worm

Illustrated notes

Levels and vault maps discovered:
D:5:      layout_basic, ebering_ghost_sewer_f, serial_bayou_pond_c,
          minmay_quadrilaterals, uniq_grinder
D:6:      layout_loops_ring, minmay_temple_entry_hall, serial_bayou_pond_d

Action                     || total
---------------------------++-------
  Melee: Hand axe          ||     9
         Constrict         ||     2
         Tentacles         ||     1
 Armour: Skin              ||     4
  Dodge: Dodged            ||     9

Table legend: (Time is in decaauts)
 A = Elapsed time spent in this place.
 B = Non-inter-level travel time spent in this place.
 C = Inter-level travel time spent in this place.
 D = Time resting spent in this place.
 E = Time spent auto-exploring this place.
 F = Levels seen in this place.
 G = Mean time per level.
                   A        B        C        D        E       F      G
               +--------+--------+--------+--------+--------+-----+--------+
         Total |     28 |     28 |      0 |      0 |      0 |   2 |   14.0 |
       Dungeon |     28 |     28 |      0 |      0 |      0 |   2 |   14.0 |
               +--------+--------+--------+--------+--------+-----+--------+

Top non-repeatable levels by time:
     D:5: 27 daAuts
     D:6: 1 daAuts
